AoeStats
← Sergio9108

African Clearing

510425974Analyzed
4v4 RM · 3d ago on Oct 1, 2026· 38m 40s· 8 players
Game mode
Random Map
Map size
Large (8 player)
Population
200
Speed
Normal
Resources
Standard
Victory
Conquest
Starting age
Dark Age
Ending age
Imperial Age
RankedLock teamsTeams togetherTeam positionsShared explorationLock speedFull tech treeHidden civsTurbo modeCheats
Victory
Defeat
🇦🇷 Ethiopians · Argentina
1153
+15
🇳🇱 Italians · Netherlands
1119
+17
🇵🇪 Spanish · Peru
1110
+17
🇨🇴 Vietnamese · Colombia
1105
+17
🇨🇦 Burgundians · Canada
1205
-19
🇨🇦 Mongols · Canada
1204
-19
🇹🇼 Huns · Taiwan
1095
-15
🇫🇷 Malay · France
1035
-13
Lunakik
8:31 Loom
16:40 Feudal Age
21:51 Castle Age
22:57 Double-Bit Axe
24:03 Wheelbarrow
32:29 Fletching
32:39 Padded Archer Armor
32:49 Stone Mining
33:19 Bodkin Arrow
34:17 Bow Saw
34:35 Ballistics
37:14 Light Cavalry
38:05 Bloodlines
39:19 Forging
39:16 Scale Barding Armor
Sergio9108
5:42 Loom
13:04 Feudal Age
14:16 Town Watch
16:28 Fletching
17:03 Double-Bit Axe
18:57 Horse Collar
25:35 Castle Age
24:09 Padded Archer Armor
26:10 Crossbowman
26:48 Bodkin Arrow
33:43 Ballistics
35:28 Thumb Ring
36:52 Town Patrol
37:27 Wheelbarrow
水泊梁山
4:09 Loom
13:38 Feudal Age
13:52 Man-at-Arms
16:46 Fletching
18:18 Horse Collar
22:29 Castle Age
24:19 Crossbowman
25:03 Squires
28:22 Scale Mail Armor
30:44 Town Watch
31:01 Double-Bit Axe
32:07 Bodkin Arrow
34:37 Wheelbarrow
34:15 Royal Heirs
34:57 Padded Archer Armor
36:45 Bow Saw
变态
3:11 Loom
13:36 Feudal Age
17:27 Castle Age
16:21 Stone Mining
16:24 Double-Bit Axe
16:24 Horse Collar
18:41 Wheelbarrow
23:54 Husbandry
28:27 Padded Archer Armor
28:39 Bloodlines
30:06 Leather Archer Armor
31:01 Hand Cart
30:32 Town Watch
31:08 Bow Saw
30:59 Heavy Plow
33:38 Stone Shaft Mining
36:04 Gold Mining
39:55 Imperial Age
a7xbast
2:55 Loom
13:24 Feudal Age
14:30 Double-Bit Axe
17:13 Castle Age
17:28 Bloodlines
26:02 Fletching
26:12 Padded Archer Armor
27:06 Wheelbarrow
26:36 Husbandry
26:25 Horse Collar
26:53 Gold Mining
27:37 Bow Saw
28:28 Bodkin Arrow
29:21 Leather Archer Armor
30:40 Ballistics
32:08 Thumb Ring
31:40 Elite Skirmisher
34:55 Hand Cart
37:09 Forging
37:05 Scale Barding Armor
36:28 Light Cavalry
zesen
5:43 Loom
14:59 Feudal Age
19:50 Forging
22:36 Castle Age
20:47 Scale Barding Armor
24:26 Wheelbarrow
23:29 Light Cavalry
27:17 Husbandry
27:33 Cavalier
Bug Spencer
Amork
14:45 Feudal Age
16:36 Double-Bit Axe
17:39 Bloodlines
18:30 Forging
25:50 Fletching
28:32 Castle Age
26:44 Padded Archer Armor
27:50 Gold Mining
27:42 Horse Collar
29:50 Bodkin Arrow
29:20 Elite Skirmisher
30:10 Town Watch
30:15 Loom
30:29 Stone Mining
31:44 Bow Saw
33:25 Wheelbarrow
Connection lost

Rejoining the realm…

Still unreachable

The connection could not be restored.

Session expired

The server has moved on; the page needs a fresh start.